 Dungeon Crawl Stone Soup version 0.24.0-29-g8ce449bc06 (webtiles) character file.

Game seed: 11559273944579836195, levelgen mode: deterministic

30 DildoBatman the Magician (level 3, 0/26 HPs)
             Began as a Formicid Wizard on Nov 14, 2019.
             Slain by an adder (3 damage)
             ... on level 1 of the Dungeon.
             The game lasted 00:03:26 (1225 turns).

DildoBatman the Magician (Formicid Wizard)          Turns: 1225, Time: 00:03:26

Health: 0/26       AC:  3    Str: 11    XL:     3   Next: 35%
Magic:  0/7        EV: 12    Int: 21    God:
Gold:   141        SH:  0    Dex:  9    Spells: 1/8 levels left

rFire    . . .     SeeInvis +   d - +0 short sword
rCold    . . .     Gourm    .   (no shield)
rNeg     . . .     Faith    .   a - +0 robe
rPois    .         Spirit   .   (helmet unavailable)
rElec    .         Reflect  .   (no cloak)
rCorr    .         Harm     .   h - +0 pair of gloves
MR       .....                  (no boots)
Stlth    ++........             (no amulet)
HPRegen  0.08/turn              g - +3 ring of intelligence
MPRegen  0.10/turn              (no ring)

@: lethally poisoned (0 -> -4), very slightly contaminated
A: permanent stasis, dig shafts and tunnels, four strong arms, antennae 3, claws
1, robust 1
a: Dig, Shaft Self


You were on level 1 of the Dungeon.
You were not hungry.

You visited 1 branch of the dungeon, and saw 2 of its levels.

You collected 141 gold pieces.

Inventory:

Hand Weapons
 d - a +0 short sword (weapon)
Missiles
 b - 25 arrows
 c - 56 stones (quivered)
 e - 19 bolts
Armour
 a - a +0 robe (worn)
 h - a +0 pair of gloves (worn)
Jewellery
 g - a +3 ring of intelligence (left hand)
Scrolls
 f - 2 scrolls of identify {unknown}
 k - a scroll of amnesia {unknown}
Comestibles
 j - a chunk of flesh
 v - 2 rations


   Skills:
 - Level 1.7 Dodging
 - Level 2.4 Stealth
 - Level 3.2 Spellcasting
 * Level 2.7 Conjurations
   Level 1.0 Summonings
   Level 0.8 Translocations


You had one spell level left.
You knew the following spells:

 Your Spells              Type           Power        Failure   Level  Hunger
a - Conjure Flame         Conj/Fire      #.......     22%         3    ###....
c - Magic Dart            Conj           ###.         4%          1    None
e - Mephitic Cloud        Conj/Pois/Air  #.......     26%         3    ###....

Your spell library contained the following spells:

 Spells                   Type           Power        Failure   Level  Hunger
 Call Imp                 Summ           #.......     13%         2    ##.....
 Slow                     Hex            #.......     21%         2    ##.....
 Blink                    Tloc           Unusable     N/A         2    N/A

Dungeon Overview and Level Annotations

Branches:
Dungeon (2/15)

Altars:

Annotations:
D:1 exclusion: frost giant


Innate Abilities, Weirdness & Mutations

You cannot be hasted, slowed, berserked, paralysed or teleported.
You can dig through walls and to a lower floor.
Your four strong arms can wield two-handed weapons with a shield.
You have a pair of large antennae on your head. (SInv)
You have sharp fingernails.
You are robust. (+10% HP)


Message History

You feel sick. The adder closely misses you.
You hit the adder but do no damage.
The adder is heavily wounded.
The adder closely misses you.
You closely miss the adder.
The adder is heavily wounded.
You feel sick. The adder bites you. x2
It was a potion of mutation.
You feel extremely strange.
You feel robust.
Your fingernails lengthen.
The adder bites you.
You closely miss the adder.
The adder is heavily wounded.
You feel sick. The adder bites you but does no damage. The adder bites you.
You die...

...............##...#
............#####)..#
...)................#
...÷>........####...#
............## #..[#
............# ##...#
............# #..###
...........## #S##
...##.....## ##@#
######.#### ##..# #
#.# #..## ### #.#
#.## ..## #.# #.#
#..# #.# #####÷# ##.#
#)# #....†#
#.###.###....##
#...#..##...##


You could see an adder.

Vanquished Creatures
  A dart slug (D:1)
  A ball python (D:1)
  5 bats (D:1)
  A giant cockroach (D:1)
  5 goblins (D:1)
  2 hobgoblins
  A jackal (D:1)
  3 frilled lizards (D:1)
  6 kobolds (D:1)
  A rat (D:1)
26 creatures vanquished.

Notes
Turn   | Place    | Note
-------+----------+-------------------------------------------
     0 | D:1      | DildoBatman the Formicid Wizard began the quest for the
                  | Orb.
     0 | D:1      | Reached XP level 1. HP: 13/13 MP: 4/4
    54 | D:1      | Reached skill level 1 in Conjurations
   143 | D:1      | Reached XP level 2. HP: 19/19 MP: 0/6
   677 | D:1      | Reached XP level 3. HP: 24/24 MP: 5/7
   682 | D:1      | Learned a level 3 spell: Conjure Flame
   686 | D:1      | Learned a level 3 spell: Mephitic Cloud
  1058 | D:1      | Noticed a tyrant leech
  1059 | D:1      | Noticed a soldier ant
  1059 | D:1      | Noticed a komodo dragon
  1060 | D:1      | Noticed a frost giant
  1224 | D:1      | Gained mutation: You are robust. (+10% HP) [potion of
                  | mutation]
  1224 | D:1      | Gained mutation: You have sharp fingernails. [potion of
                  | mutation]
  1225 | D:1      | Slain by an adder

Levels and vault maps discovered:
D:1:      onia_arrival_zoo_common, layout_rooms
D:2:      layout_rooms, lemuel_zombie_altar_yredelemnul, uniq_terence

Skill      XL: |  1  2 |
---------------+-------+-----
Conjurations   | 1 2 |  2.7
Dodging        | |  1.7
Stealth        | |  2.4
Spellcasting   | |  3.2
Summonings     | |  1.0
Translocations | |  0.8

Action                   || total
-------------------------++-------
Melee: Unarmed           ||     2
       Short sword       ||     5
 Cast: Magic Dart        ||    65
 Abil: Dig               ||     1
  Use: Potion            ||     1
  Eat: Chunk             ||     2
Armor: Robe              ||     4
Dodge: Dodged            ||    25
